 Dungeon Sprint DCSS version 0.28.0-43-g3370ac3207 (webtiles) character file.

Game seed: 1243890635320083138

9616 boopmooplesden the Severer (level 11, -2/121 HPs)
             Began as a Minotaur Berserker on Mar 11, 2022.
             Was the Champion of Trog.
             Slain by a centaur warrior (6 damage)
             ... in the Dungeon (Sprint II: "The Violet Keep of Menkaure").
             The game lasted 00:06:07 (2220 turns).

boopmooplesden the Severer (Minotaur Berserker)     Turns: 2220, Time: 00:06:07

Health: -2/121     AC: 13    Str: 24    XL:     11   Next: 25%
Magic:  6/6        EV: 14    Int:  6    God:    Trog [******]
Gold:   566        SH:  0    Dex: 18    Spells: 10/10 levels left

rFire   + + .      SeeInvis .   c - +3 battleaxe (antimagic)
rCold   x . .      Faith    .   (shield currently unavailable)
rNeg    . . .      Spirit   .   k - +0 chain mail "Bimelutz" {+Inv rF++ rC- Dex+4}
rPois   .          Reflect  .   (helmet restricted)
rElec   .          Harm     .   (no cloak)
rCorr   .          Rampage  .   (no gloves)
Will    +....      NoTele   +   (no boots)
Stlth   ..........              (no amulet)
HPRegen 0.30/turn               l - ring "Ros Opp" {+Blink Will+ MP+9 Dex+4}
MPRegen 0.10/turn               (no ring)

@: spiked, hasted, very quick
A: horns 2, retaliatory headbutt
a: Renounce Religion, Evoke Blink, Evoke Invisibility, Berserk, Trog's Hand,
Brothers in Arms


You were in the Dungeon.
You worshipped Trog.
Trog was exalted by your worship.
You visited 1 branch You collected 1394 gold pieces.
You spent 828 gold pieces at shops.

Inventory:

Hand Weapons
 a - a +0 hand axe
 c - a +3 antimagic battleaxe (weapon)
 d - a +7 antimagic war axe
 j - a +4 war axe of draining
Missiles
 y - 3 javelins (quivered)
Armour
 b - a +0 animal skin
 k - the +0 chain mail "Bimelutz" (worn) {+Inv rF++ rC- Dex+4}
   (You bought it in a shop in the Dungeon)

   Dex:       It affects your dexterity (+4).
   rF:        It greatly protects you from fire.
   rC:        It makes you vulnerable to cold.
   +Inv:      It lets you turn invisible.
 s - a +0 plate armour
Jewellery
 l - the ring "Ros Opp" (left hand) {+Blink Will+ MP+9 Dex+4}
   (You bought it in a shop in the Dungeon)

   [ring of magical power]

   Dex:       It affects your dexterity (+4).
   MP:        It affects your magic capacity (+9).
   +Blink:    It lets you blink.
   Will:      It increases your willpower.
 o - a ring of poison resistance
 p - an amulet of magic regeneration
 r - a ring of protection from fire
 u - a ring of protection from fire
Wands
 i - a wand of paralysis (8)
Scrolls
 h - 2 scrolls of blinking
 n - a scroll of fog
 w - a scroll of vulnerability
Potions
 f - 5 potions of magic
 g - a potion of berserk rage
 q - 4 potions of resistance
 t - 2 potions of curing
 x - a potion of might {unknown}
 z - a potion of attraction {unknown}
 A - 3 potions of flight


   Skills:
 + Level 18.8 Fighting
 + Level 20.7 Axes
 + Level 15.0 Armour
 + Level 9.2 Dodging
 + Level 2.2 Stealth


You had 10 spell levels left.
You didn't know any spells.
Your spell library was empty.

Dungeon Overview and Level Annotations

Branches:
Dungeon (1/1)

Altars:
Cheibriados
Dithmenos
Elyvilon
Fedhas
Gozag
Hepliaklqana
Kikubaaqudgha
Makhleb
Nemelex Xobeh
Okawaru
Qazlal
Ru
Sif Muna
Trog
Uskayaw
Vehumet
Wu Jian
Xom
Yredelemnul
Zin
The Shining One
Beogh
Jiyva
Lugonu

Shops:
D =:!(:([*=[(!=??

Annotations:
D exclusion: oklob plant, Roxanne


Innate Abilities, Weirdness & Mutations

You have a pair of horns on your head.
You reflexively headbutt those who attack you in melee.


Message History

Trog accepts your kill. Trog grants you a weapon!
Something appears at your feet!
You see here a +4 antimagic glaive.
Your Armour skill increases to level 15!
You start resting.
You recover from your berserk rage.
You start resting.
A manticore comes into view.
A centaur warrior comes into view.
The centaur warrior wields a +0 shortbow.
The centaur warrior shoots an arrow.
The arrow barely misses you.
The manticore flicks its tail.
The volley of spikes hits you!
The barbed spikes become lodged in your body.
The centaur warrior shoots an arrow.
The arrow hits you!!
* * * LOW HITPOINT WARNING * * *
The barbs in your skin will harm you if you move.
Continue? [Y]es or [N]o only, please.
The barbs in your skin will harm you if you move.
Continue?
The barbed spikes dig painfully into your body as you move.
* * * LOW HITPOINT WARNING * * *
Things that are here:
a +4 antimagic glaive; a +0 battleaxe The barbed spikes dig painfully into your body as you move.
* * * LOW HITPOINT WARNING * * *
There is an open door, spattered with blood here.
Things that are here:
a +0 arbalest; 24 bolts The barbed spikes dig painfully into your body as you move.
* * * LOW HITPOINT WARNING * * *
The centaur warrior unwields a +0 shortbow.
The centaur warrior completely misses you.
You furiously retaliate!
You headbutt the centaur warrior.
The centaur warrior kicks you but does no damage.
Things that are here:
a +4 antimagic glaive; a +0 battleaxe You feel yourself speed up.
The centaur warrior hits you!
* * * LOW HITPOINT WARNING * * *
The centaur warrior misses you. The centaur warrior hits you.
You die...

cK.≈# ≈.≈≈ #°
##########z≈#+++#§§+## #
#########≈≈≈....§≈...# #
.∩.∩....#≈≈≈≈.##'##..# #
..∩.∩...#≈≈≈≈###.###.#### +.##.#
...∩.∩..#≈≈≈≈#..#..# ...# ...##
......⌠.#≈≈####)#.####..## #..##
...∩.∩..#≈##c###)###.##..# +..#.
..∩.∩...#≈#...##@##...#..# #..#.
.∩.∩....'≈'.##Hc<)')#.'..####..##
∩.∩.....#≈#...##.##...#....###.^.
▓▓▓▓▓▓###≈##.###'###.##......≈≈≈≈
)SY######≈≈####.#.####≈≈.....≈#+#
(?S#D$ ##≈≈≈#.###.#≈≈≈≈≈≈≈..≈#_.
∩P?+(.#+ #'#≈##.#.##≈≈≈§≈≈≈§.≈#._
?..#$##. #.#≈≈##'##≈≈≈≈≈≈≈≈≈≈≈#_.
?$.###.° ####≈≈≈≈≈≈≈≈≈≈§§≈≈≈≈≈#._


You could see a centaur warrior and a manticore.

Vanquished Creatures
  A kraken (D)
  Kirke (D)
  A yaktaur captain (D)
  A skeletal warrior (D)
  2 deep trolls (D)
  A manticore (D)
  A merfolk siren (D)
  A kobold demonologist (D)
  A yaktaur (D)
  3 polar bears (D)
  A hornet (D)
  2 wyverns (D)
  12 flying skulls (D)
  Menkaure (D)
  4 water moccasins (D)
  4 necrophages (D)
  4 scorpions (D)
  A hell rat (D)
  3 tentacles (D)
45 creatures vanquished.

Vanquished Creatures (others)
  13 tentacles (D)
13 creatures vanquished.

Grand Total: 58 creatures vanquished

Notes
Turn   | Place    | Note
-------+----------+-------------------------------------------
     0 | D        | boopmooplesden the Minotaur Berserker began the quest for
                  | the Orb.
     0 | D        | Reached XP level 1. HP: 19/19 MP: 0/0
     1 | D        | Noticed a scorpion
     1 | D        | Noticed a scorpion
     1 | D        | Noticed a scorpion
     1 | D        | Noticed a scorpion
     3 | D        | Killed a scorpion
     4 | D        | Reached skill level 6 in Axes
     4 | D        | Reached XP level 2. HP: 31/31 MP: 1/1
     4 | D        | Reached XP level 3. HP: 38/38 MP: 2/2
     6 | D        | Killed a scorpion
     7 | D        | Reached skill level 7 in Axes
     7 | D        | Reached XP level 4. HP: 48/48 MP: 3/3
     7 | D        | Killed a scorpion
     7 | D        | Reached ** piety under Trog
     8 | D        | Reached skill level 8 in Axes
     8 | D        | Reached XP level 5. HP: 56/56 MP: 4/4
    11 | D        | Reached skill level 9 in Axes
    11 | D        | Reached skill level 5 in Armour
    31 | D        | Noticed a merfolk siren
    39 | D        | Killed a merfolk siren
    40 | D        | Reached skill level 12 in Axes
    40 | D        | Reached skill level 5 in Dodging
    40 | D        | Reached XP level 6. HP: 23/70 MP: 5/5
    40 | D        | Reached XP level 7. HP: 25/75 MP: 6/6
   270 | D        | Noticed a wyvern
   270 | D        | Noticed a wyvern
   278 | D        | Killed a wyvern
   278 | D        | Reached *** piety under Trog
   281 | D        | Killed a wyvern
   282 | D        | Reached skill level 13 in Axes
   411 | D        | Reached XP level 8. HP: 86/86 MP: 7/7
   414 | D        | Reached **** piety under Trog
   416 | D        | Reached skill level 14 in Axes
   420 | D        | Found Xuceun's Jewellery Emporium.
   420 | D        | Found Zeawk's Magic Scroll Emporium.
   420 | D        | Found Zungadenos's Magic Scroll Shoppe.
   420 | D        | Found Boryli Ytete's Distillery.
   421 | D        | Found Rinaluwi's Antique Armour Shoppe.
   421 | D        | Found Cuunnadi's Jewellery Emporium.
   421 | D        | Found Otodat's General Store.
   444 | D        | Found Ucylal's Antique Weapon Shoppe.
   444 | D        | Found Zumieff's Antique Weapon Emporium.
   444 | D        | Found Hurexit's Antique Armour Emporium.
   444 | D        | Found Foff's Book Shoppe.
   444 | D        | Noticed Menkaure
   444 | D        | Noticed a death yak
   460 | D        | Killed Menkaure
   486 | D        | Found Laxkuri's Antique Weapon Shoppe.
   486 | D        | Found Toikotido's Distillery.
   486 | D        | Noticed an oklob plant
   487 | D        | Found Potany's Jewellery Shoppe.
   487 | D        | Found Lofus's Book Shoppe.
   492 | D        | Bought a runed war axe for 149 gold pieces
   493 | D        | Noticed a fire dragon
   499 | D        | Bought a distressingly furry chain mail for 199 gold pieces
   499 | D        | Identified the +0 chain mail "Bimelutz" {+Inv rF++ rC-
                  | Dex+4} (You bought it in a shop in the Dungeon)
   536 | D        | Bought the ring "Ros Opp" {+Blink Will+ MP+9 Dex+4} for 480
                  | gold pieces
   612 | D        | Noticed Roxanne
   615 | D        | Reached ***** piety under Trog
   630 | D        | Noticed a flying skull
   630 | D        | Noticed a flying skull
   630 | D        | Noticed a flying skull
   630 | D        | Noticed a flying skull
   630 | D        | Noticed a flying skull
   630 | D        | Noticed a flying skull
   631 | D        | Noticed a flying skull
   631 | D        | Noticed a flying skull
   631 | D        | Noticed a flying skull
   631 | D        | Noticed a flying skull
   632 | D        | Noticed a flying skull
   633 | D        | Noticed a flying skull
   651 | D        | Killed a flying skull
   652 | D        | Killed a flying skull
   652 | D        | Received a gift from Trog
   653 | D        | Reached skill level 15 in Axes
   659 | D        | Killed a flying skull
   660 | D        | Reached skill level 15 in Fighting
   662 | D        | Killed a flying skull
   663 | D        | Reached XP level 9. HP: 97/97 MP: 8/8
   674 | D        | Reached skill level 16 in Axes
   691 | D        | Reached skill level 1 in Stealth
   696 | D        | Reached skill level 17 in Axes
  1297 | D        | Found an iron altar of Okawaru.
  1297 | D        | Found a radiant altar of Vehumet.
  1297 | D        | Found a glowing silver altar of Zin.
  1298 | D        | Found a sparkling altar of Nemelex Xobeh.
  1298 | D        | Found a hide-covered altar of Uskayaw.
  1299 | D        | Found an opulent altar of Gozag.
  1299 | D        | Found a burning altar of Makhleb.
  1299 | D        | Found a bloodstained altar of Trog.
  1300 | D        | Found a blossoming altar of Fedhas.
  1300 | D        | Found a corrupted altar of Lugonu.
  1300 | D        | Found a basalt altar of Yredelemnul.
  1300 | D        | Found a shimmering blue altar of Sif Muna.
  1301 | D        | Found a white marble altar of Elyvilon.
  1301 | D        | Found an ancient bone altar of Kikubaaqudgha.
  1302 | D        | Found a shadowy altar of Dithmenos.
  1302 | D        | Found a viscous altar of Jiyva.
  1303 | D        | Found a snail-covered altar of Cheibriados.
  1304 | D        | Noticed a polar bear
  1304 | D        | Noticed a polar bear
  1305 | D        | Noticed a yaktaur
  1309 | D        | Killed a polar bear
  1310 | D        | Noticed a polar bear
  1314 | D        | Killed a polar bear
  1314 | D        | Received a gift from Trog
  1315 | D        | Killed a polar bear
  1316 | D        | Reached skill level 10 in Armour
  1316 | D        | Reached XP level 10. HP: 111/111 MP: 6/9
  1320 | D        | Reached ****** piety under Trog
  1324 | D        | Reached skill level 18 in Axes
  1577 | D        | Noticed a kraken
  1867 | D        | Found a hazy altar of Hepliaklqana.
  1867 | D        | Found a sacrificial altar of Ru.
  1867 | D        | Found a shimmering altar of Xom.
  1868 | D        | Found a stormy altar of Qazlal.
  1868 | D        | Found an ornate altar of the Wu Jian Council.
  1877 | D        | Noticed a deep troll
  1877 | D        | Noticed a deep troll
  1884 | D        | Killed a deep troll
  1889 | D        | Killed a deep troll
  1931 | D        | Found a glowing golden altar of the Shining One.
  1941 | D        | Noticed an orange crystal statue
  2102 | D        | Killed a kraken
  2103 | D        | Reached skill level 19 in Axes
  2141 | D        | Noticed Kirke
  2141 | D        | Noticed a skeletal warrior
  2141 | D        | Noticed a yaktaur captain
  2162 | D        | Killed a skeletal warrior
  2162 | D        | Received a gift from Trog
  2169 | D        | Killed Kirke
  2170 | D        | Reached skill level 20 in Axes
  2170 | D        | Reached XP level 11. HP: 121/121 MP: 6/10
  2180 | D        | Killed a yaktaur captain
  2205 | D        | Received a gift from Trog
  2206 | D        | Reached skill level 15 in Armour
  2216 | D        | Noticed a centaur warrior
  2220 | D        | HP: 4/121 [centaur warrior (11)]
  2220 | D        | Slain by a centaur warrior

Illustrated notes

Levels and vault maps discovered:
D:        the_violet_keep_of_menkaure [sprint2_stairs_cluster_1,
          sprint2_shoproom, sprint2_temple, sprint2_basic_supplies,
          sprint2_obstacle_1, sprint2_obstacle_4, sprint2_obstacle_6,
          sprint2_obstacle_2, sprint2_obstacle_7, sprint2_timed_cluster_1,
          sprint2_smallroom_cluster_1, sprint2_smallroom_final_cluster_1,
          sprint2_transparent_cluster_1, sprint2_second_timed_cluster_1,
          sprint2_sniper_area_1, sprint2_heavy_combat_area_1,
          sprint2_mutation_trap_area_1, sprint2_forest_area_1,
          sprint2_light_combat_area_1, sprint2_behind_water_1,
          sprint2_near_end_vault_1]

Skill      XL: |  1  2  3  4  5  6  7  8  9 10 11 |
---------------+----------------------------------+-----
Fighting       | 6 7 8 11 13 15 17 18 | 18.8
Axes           | 6 7 8 12 13 15 17 20 | 20.7
Armour         | 3 4 6 7 10 14 15 | 15.0
Dodging        | 3 4 5 6 7 8 9 |  9.2
Stealth        | 1 2 |  2.2

Action                   |  1- 3 |  4- 6 |  7- 9 | 10-12 || total
-------------------------+-------+-------+-------+-------++-------
Melee: Hand axe          |     4 |    11 |    36 |       ||    51
       Headbutt          |     1 |     3 |    14 |    13 ||    31
       War axe           |       |       |    48 |       ||    48
       Battleaxe         |       |       |     9 |    61 ||    70
       Punch             |       |       |     1 |       ||     1
Invok: Berserk           |     1 |       |     3 |     3 ||     7
  Use: Potion            |       |       |     2 |     1 ||     3
       Scroll            |       |       |       |     5 ||     5
Armor: Chain mail        |       |       |    19 |    25 ||    44
       Animal skin       |       |       |     1 |       ||     1
Dodge: Dodged            |     1 |       |    48 |    44 ||    93
